 Dungeon Crawl Stone Soup version 0.26.0-45-g9c1d065592 (webtiles) character file.

Game seed: 9244153103001834956

914 kaeus the Skirmisher (level 7, 0/58 (64) HPs)
             Began as a Minotaur Berserker on Jan 27, 2021.
             Was a Priest of Trog.
             Slain by a wight
             ... wielding a cursed +4 long sword
              (4 damage)
             ... on level 6 of the Dungeon.
             The game lasted 00:03:40 (4355 turns).

kaeus the Skirmisher (Minotaur Berserker)           Turns: 4355, Time: 00:03:40

HP:   0/58 (64)     AC:  9    Str: 24    XL:     7   Next: 82%
MP:   6/6           EV: 12    Int:  4    God:    Trog [***...]
Gold: 369           SH:  5    Dex:  9    Spells: 6/6 levels left

rFire    . . .     SeeInvis .   a - +0 hand axe
rCold    + . .     Faith    .   (no shield)
rNeg     . . .     Spirit   .   w - +0 scale mail {rC+}
rPois    .         Reflect  +   (helmet restricted)
rElec    .         Harm     .   (no cloak)
rCorr    .         Rampage  .   s - +1 pair of gloves
Will     .....                  (no boots)
Stlth    ..........             m - amulet of reflection
HPRegen  0.19/turn              (no ring)
MPRegen  0.10/turn              (no ring)

@: mighty, lethally poisoned (0 -> -18), drained
A: retaliatory headbutt, horns 2
a: Renounce Religion, Berserk, Trog's Hand


You were on level 6 of the Dungeon.
You worshipped Trog.
Trog was most pleased with you.
You visited 1 branch of the dungeon, and saw 6 of its levels.

You collected 369 gold pieces.

Inventory:

Hand Weapons
 a - a +0 hand axe (weapon)
Armour
 s - a +1 pair of gloves (worn)
 w - a +0 scale mail of cold resistance (worn)
Jewellery
 m - an amulet of reflection (around neck)
Wands
 x - a wand of acid (12)
 A - a wand of enslavement (10)
Scrolls
 f - a scroll of fear
 h - 5 scrolls of identify
 k - 2 scrolls of teleportation
 o - a scroll of enchant weapon
 q - 2 scrolls of blinking {unknown}
 t - a scroll of immolation {unknown}
 u - a scroll of magic mapping {unknown}
 y - a scroll of remove curse
 B - a scroll of enchant armour
Potions
 b - 3 potions of curing {unknown}
 c - 2 potions of resistance {unknown}
 d - a potion of attraction {unknown}
 e - 2 potions of degeneration {unknown}
 g - a potion of invisibility {unknown}
 i - 4 potions of might
 j - a potion of berserk rage {unknown}
 l - 5 potions of lignification {unknown}
 n - 2 potions of mutation {unknown}
 p - 2 potions of heal wounds {unknown}
 r - 2 potions of ambrosia {unknown}
 v - a potion of magic {unknown}
 z - a potion of flight {unknown}


   Skills:
 + Level 6.4 Fighting
 + Level 6.4 Axes
 + Level 5.8 Armour
 + Level 5.3 Dodging


You had 6 spell levels left.
You didn't know any spells.
Your spell library was empty.

Dungeon Overview and Level Annotations

Branches:
Dungeon (6/15)             Temple (0/1) D:4

Altars:
Ashenzari
Dithmenos
Makhleb
Okawaru
Ru
Zin
The Shining One

Shops:
D:6 [


Innate Abilities, Weirdness & Mutations

You reflexively headbutt those who attack you in melee.
You have a pair of horns on your head.


Message History

* * * LOW HITPOINT WARNING * * *
You feel drained.
* * * LOW HITPOINT WARNING * * *
You take 12 damage, and have 12/60 hp.
You closely miss the wight. You barely miss the wight. You hit the wight.
* * * LOW HITPOINT WARNING * * *
You feel sick. The wight completely misses you. You furiously retaliate!
You headbutt the wight, but do no damage.
The wight hits you but does no damage. The wight barely misses you.
You take 2 damage, and have 10/60 hp.
It was a potion of might.
You feel very mighty all of a sudden.
* * * LOW HITPOINT WARNING * * *
You feel sick.
The wight hits you with a cursed +0 flail.
* * * LOW HITPOINT WARNING * * *
You feel drained.
* * * LOW HITPOINT WARNING * * *
The wight hits you with a cursed +4 long sword.
You die...

..#8###....##
..#......#..#
).....#.###.##
#.....#......####
......#####.....##
#..)..##......#..#
#...####.###..##.#
..#.####.# #..##.#
.##......# #...#@#
.##..#####
##..zzz.....#
..#..#
##.........#
.....# ##........#
...#.# #.##.##..#
..##... #. .. .#
..##... #. ### .
..##.. .. #.


You could see 3 wights.

Vanquished Creatures
  A sky beast (D:5)
  A phantom (D:6)
  An ice beast (D:5)
  A centaur (D:6)
  A bullfrog (D:6)
  A wight (D:6)
  A centaur zombie (D:5)
  2 orc priests
  A bullfrog skeleton (D:6)
  A centaur skeleton (D:6)
  An orc wizard (D:6)
  Terence (D:3)
  A worker ant (D:6)
  A hound zombie (D:6)
  5 adders
  4 gnolls (D:5)
  3 white imps (D:5)
  An ufetubus (D:5)
  4 oozes
  A worm (D:4)
  4 dart slugs
  3 leopard geckos
  8 orcs
  6 giant cockroaches
  4 hobgoblins
  4 jackals
  9 kobolds
  3 quokkas
  3 ball pythons
  6 bats
  4 frilled lizards
  2 goblins
  8 rats
97 creatures vanquished.

Vanquished Creatures (others)
  11 fungi (D:5)
  2 plants (D:1)
13 creatures vanquished.

Grand Total: 110 creatures vanquished

Notes
Turn   | Place    | Note
-------+----------+-------------------------------------------
     0 | D:1      | kaeus the Minotaur Berserker began the quest for the Orb.
     0 | D:1      | Reached XP level 1. HP: 19/19 MP: 0/0
    41 | D:1      | Reached XP level 2. HP: 23/27 MP: 1/1
   348 | D:1      | Reached XP level 3. HP: 33/33 MP: 2/2
   593 | D:1      | Reached ** piety under Trog
  1221 | D:2      | Found a glowing golden altar of the Shining One.
  1676 | D:3      | Reached XP level 4. HP: 40/40 MP: 3/3
  1700 | D:3      | Found a glowing silver altar of Zin.
  1746 | D:3      | Noticed Terence
  1759 | D:3      | Killed Terence
  2185 | D:4      | Reached XP level 5. HP: 38/47 MP: 4/4
  2198 | D:4      | Reached *** piety under Trog
  2644 | D:4      | Found a staircase to the Ecumenical Temple.
  2816 | D:5      | Entered Level 5 of the Dungeon
  2858 | D:5      | Reached skill level 5 in Fighting
  2858 | D:5      | Reached skill level 5 in Axes
  2917 | D:5      | Reached XP level 6. HP: 52/56 MP: 5/5
  2963 | D:5      | Noticed an ice beast
  2978 | D:5      | Killed an ice beast
  3276 | D:5      | Found a glowing silver altar of Zin.
  3551 | D:5      | Noticed a sky beast
  3571 | D:5      | Killed a sky beast
  3723 | D:6      | Reached skill level 5 in Armour
  3729 | D:6      | Reached XP level 7. HP: 57/62 MP: 6/6
  3743 | D:6      | Found a shadowy altar of Dithmenos.
  3768 | D:6      | Reached skill level 5 in Dodging
  3990 | D:6      | Found a sacrificial altar of Ru.
  3999 | D:6      | Found Xeycez's Armour Boutique.
  4259 | D:6      | Found a burning altar of Makhleb.
  4270 | D:6      | Found an iron altar of Okawaru.
  4314 | D:6      | Found a broken altar of Ashenzari.
  4355 | D:6      | Slain by a wight

Illustrated notes

Levels and vault maps discovered:
D:1:      eino_arrival_water_cross, layout_rooms, minmay_split_cup_large
D:2:      layout_rooms, tso_oasis_becter
D:3:      layout_loops_ring, nicolae_overflow_crystal_walls,
          mrwooster_statue_mirror, uniq_terence
D:4:      layout_cave_pools, minmay_temple_entry_grid
D:5:      layout_loops_cross, serial_aquarium, aquarium_bridge_square
          [aquarium_subvault_balcony, aquarium_subvault_bridge,
          aquarium_subvault_wall, aquarium_subvault_bridge], aquarium_window_1,
          aquarium_window_fake, aquarium_view_2b, aquarium_view_2b,
          aquarium_balcony_double_3, basic_altar
D:6:      layout_rooms, nicolae_overflow_quartered_altars, serial_shops,
          nicolae_shop_crystal, gammafunk_ghost_nasty_kobolds,
          nicolae_ru_sacrificial_ziggurat

Skill      XL: |  1  2  3  4  5  6  7 |
---------------+----------------------+-----
Fighting       | 4 5 6 |  6.4
Axes           | 4 5 6 |  6.4
Armour         | 3 4 5 |  5.8
Dodging        | 3 4 5 |  5.3

Action                   |  1- 3 |  4- 6 |  7- 9 || total
-------------------------+-------+-------+-------++-------
Melee: Hand axe          |    72 |   154 |    57 ||   283
       Headbutt          |    15 |    30 |    13 ||    58
  Use: Scroll            |     6 |     1 |       ||     7
       Potion            |       |       |     1 ||     1
Armor: Animal skin       |     7 |       |       ||     7
       Ring mail         |     6 |     3 |       ||     9
       Scale mail        |       |    61 |    19 ||    80
Dodge: Dodged            |    54 |    66 |    27 ||   147
Block: Other             |       |    46 |    12 ||    58
       Reflection        |       |     3 |     2 ||     5
